 Dungeon Crawl Stone Soup version 0.31-a0-691-g409c26aa35 (webtiles) character file.

Game seed: 3236684961713536814

583 qw the Shooter (level 7, -2/43 HPs)
             Began as a Gargoyle Hunter on Sept 6, 2023.
             Slain by Duvessa
             ... wielding a +0 short sword
              (5 damage)
             ... on level 4 of the Dungeon.
             The game lasted 00:01:06 (2804 turns).

qw the Shooter (Gargoyle Hunter)                    Turns: 2804, Time: 00:01:06

Health: -2/43      AC:  7    Str: 14    XL:     7   Next: 37%
Magic:  0/7        EV: 12    Int: 10    God:
Gold:   235        SH:  0    Dex: 15    Spells: 6/6 levels left

rFire   . . .        Y - +0 orcbow (flame)
rCold   . . .        (shield currently unavailable)
rNeg    + . .        c - +0 leather armour
rPois   inf          (no helmet)
rElec   +            (no cloak)
rCorr   .            (no gloves)
SInv    .            (no boots)
Will    .....        i - amulet of guardian spirit
Stlth   ++           (no ring)
HPRegen 0.27/turn    (no ring)
MPRegen 0.10/turn

%: guardian spirit
@: no status effects
A: sickness immunity, AC +4, negative energy resistance 1, electricity
resistance, torment resistance 1, petrification resistance
a: no special abilities


You were on level 4 of the Dungeon.
You visited 1 branch of the dungeon, and saw 4 of its levels.

You collected 235 gold pieces.


Innate Abilities, Weirdness & Mutations

You are immune to sickness and miasma.
Your stone body is resilient. (AC +4)
You are immune to poison.
You resist negative energy. (rN+)
You are resistant to electric shocks. (rElec)
You are resistant to unholy torment.
You are immune to petrification.


   Skills:
 - Level 4.1 Fighting
 + Level 7.3 Ranged Weapons
 - Level 3.1 Dodging
 - Level 1.1 Stealth


You had 6 spell levels left.
You didn't know any spells.
Your spell library was empty.

Inventory:

Hand Weapons
 Y - a +0 orcbow of flaming (weapon)
Armour
 c - a +0 leather armour (worn)
 g - the +2 ring mail of a Labyrinth {Will+}
   (You found it on level 4 of the Dungeon)

   Will+:     It increases your willpower.
Jewellery
 b - a ring of fire
 i - an amulet of guardian spirit (around neck)
Scrolls
 a - a scroll of blinking {unknown}
 d - a scroll of revelation {unknown}
 e - 3 scrolls of identify
Potions
 f - a potion of resistance
 k - 3 potions of curing

Dungeon Overview and Level Annotations

Branches:
Dungeon (4/15)
 Temple: D:4-7

Altars:
Fedhas
Kikubaaqudgha

Annotations:
D:3 2 transporters, 1 runed translucent door, Crazy Yiuf
D:4 Duvessa, Eustachio


Message History

Dowan shouts!
You hear a shout!
You shoot an arrow. The arrow hits Dowan!
The arrow burns Dowan.
Dowan is heavily wounded.
You hear a shout!
Duvessa, Sister of Dowan comes into view.
She is wielding a +0 short sword.
You shoot an arrow. The arrow hits Duvessa.
The arrow burns Duvessa.
Duvessa is lightly wounded.
An orc comes into view. It is wielding a +0 war axe.
A jelly comes into view.
You shoot an arrow. The arrow hits Duvessa.
The arrow burns Duvessa.
Duvessa is moderately wounded.
You shoot an arrow. The arrow closely misses Duvessa.
You shoot an arrow. The arrow closely misses Duvessa.
The arrow misses Dowan.
You shoot an arrow. The arrow closely misses Duvessa.
The arrow hits Dowan!
The arrow burns Dowan.
You kill Dowan!
Duvessa weeps, and shakes her weapon.
Duvessa goes berserk!
You shoot an arrow. The arrow hits Duvessa.
The arrow burns Duvessa.
Duvessa is moderately wounded.
Duvessa hits you with a +0 short sword. x2
You shoot an arrow.
The arrow hits Duvessa but does no damage.
Duvessa is moderately wounded.
Duvessa hits you with a +0 short sword! Duvessa hits you with a +0 short sword.
You shoot an arrow. The arrow hits Duvessa.
The arrow burns Duvessa.
Duvessa is moderately wounded.
Duvessa hits you with a +0 short sword!
Duvessa hits you with a +0 short sword!!
You shoot an arrow. The arrow hits Duvessa!
The arrow burns Duvessa.
Duvessa is severely wounded.
Duvessa completely misses you.
You shoot an arrow. The arrow hits Duvessa!
The arrow burns Duvessa.
Duvessa is almost dead.
Duvessa hits you but does no damage. Duvessa hits you with a +0 short sword.
You shoot an arrow. The arrow barely misses Duvessa.
Duvessa closely misses you.
You shoot an arrow. The arrow barely misses Duvessa.
Duvessa hits you but does no damage. Duvessa hits you with a +0 short sword.
You die...

#.### #.# . #####.# ..
#.....# ...
#######.##### .)###
.........###### ..J
.......#....)..
#e################.
#.@# ##
##.################
#.%...............
##................
#.........##########
#..##......### # ...
#.#......# ##
###.#....#<########
####...###..#.........


You could see Duvessa (berserk) and a jelly.

Vanquished Creatures
  Sigmund (D:4)
  Menkaure (D:4)
  Dowan (D:4)
  A hound (D:4)
  Jessica (D:2)
  An orc wizard (D:4)
  Ijyb (D:4)
  4 adders
  A gnoll (D:1)
  3 worms (D:2)
  3 dart slugs
  11 orcs
  5 bats
  2 bat zombies (D:3)
  6 endoplasms
  2 giant cockroaches
  7 goblins
  4 hobgoblins
  4 jackals (D:1)
  6 quokkas
  4 ball pythons
  5 frilled lizards (D:1)
  4 kobolds
  5 rats
  4 rat zombies (D:3)
87 creatures vanquished.

Notes
Turn   | Place    | Note
-------+----------+-------------------------------------------
     0 | D:1      | qw the Gargoyle Hunter began the quest for the Orb.
     0 | D:1      | Reached XP level 1. HP: 12/12 MP: 1/1
     0 | D:1      | 0 ||| qw: Version: 0.3-a-76-g4403597
     0 | D:1      | 0 ||| qw: Game counter: 12
     0 | D:1      | 0 ||| qw: Melee chars always use a shield: true
     0 | D:1      | 0 ||| qw: God list: Okawaru
     0 | D:1      | 0 ||| qw: Allow faded altars: false
     0 | D:1      | 0 ||| qw: Do Orc after clearing Dungeon:15 true
     0 | D:1      | 0 ||| qw: Do second Lair branch before Depths: true
     0 | D:1      | 0 ||| qw: Lair rune preference: random
     0 | D:1      | 0 ||| qw: Goals: Normal
     0 | D:1      | 0 ||| PLANNING D:1-11
   206 | D:1      | Reached XP level 2. HP: 17/17 MP: 2/2
   267 | D:1      | Reached XP level 3. HP: 21/21 MP: 3/3
   276 | D:1      | Reached skill level 5 in Ranged Weapons
   476 | D:1      | 476 ||| SWAPPING to +0 orcbow.
   477 | D:1      | 477 ||| DROPPING +0 shortbow.
   763 | D:1      | 763 ||| READING scroll labelled GOTSUS KURCHE.
   768 | D:1      | 768 ||| READING 2 scrolls labelled KAEFIR IWUIBO.
   769 | D:1      | 769 ||| DRINKING 2 metallic blue potions.
   770 | D:1      | 770 ||| DROPPING scroll of butterflies.
   838 | D:2      | Reached skill level 3 in Fighting
   918 | D:2      | Reached XP level 4. HP: 28/28 MP: 4/4
  1107 | D:2      | Noticed Jessica
  1111 | D:2      | Killed Jessica
  1394 | D:2      | 1394 ||| UPGRADING to amulet of guardian spirit.
  1399 | D:2      | 1399 ||| READING scroll labelled VEOLAR XITASUP.
  1400 | D:2      | 1400 ||| DRINKING 2 fizzy golden potions.
  1401 | D:2      | 1401 ||| DRINKING 2 fuming silvery potions.
  1437 | D:2      | 1437 ||| DRINKING 2 fizzy blue potions.
  1438 | D:2      | 1438 ||| READING 4 scrolls of identify.
  1438 | D:2      | 1438 ||| IDENTIFYING fizzy purple potion
  1439 | D:2      | 1439 ||| READING 3 scrolls of identify.
  1439 | D:2      | 1439 ||| IDENTIFYING golden potion
  1440 | D:2      | 1440 ||| DROPPING potion of lignification.
  1441 | D:2      | 1441 ||| DROPPING potion of magic.
  1442 | D:2      | 1442 ||| DROPPING potion of brilliance.
  1536 | D:3      | Reached XP level 5. HP: 32/32 MP: 3/5
  1590 | D:3      | Found a transporter.
  1651 | D:3      | Reached skill level 6 in Ranged Weapons
  1710 | D:3      | Found a transporter.
  1754 | D:3      | Found a blossoming altar of Fedhas.
  1959 | D:3      | Found an ancient bone altar of Kikubaaqudgha.
  2184 | D:3      | Found a runed translucent door.
  2185 | D:3      | Noticed Crazy Yiuf
  2272 | D:3      | 2272 ||| READING scroll labelled DIMIRY OTHED.
  2273 | D:3      | 2273 ||| READING scroll labelled BAR KARINAOM.
  2274 | D:3      | 2274 ||| READING scroll labelled ELAMOCSATAN.
  2305 | D:4      | 2305 ||| STAIRDANCE
  2436 | D:4      | Identified the +2 ring mail of a Labyrinth {Will+}
  2458 | D:4      | Noticed Eustachio
  2461 | D:4      | Noticed Ijyb
  2463 | D:4      | 2463 ||| Stepping ~*~*~tactically~*~*~ (retreating).
  2464 | D:4      | 2464 ||| Stepping ~*~*~tactically~*~*~ (retreating).
  2467 | D:4      | 2467 ||| RETREATING.
  2484 | D:4      | HP: 5/33 [disintegration (9)]
  2485 | D:4      | 2485 ||| READING scroll of teleportation.
  2485 | D:4      | HP: 2/33 [disintegration (1)]
  2486 | D:4      | 2486 ||| DRINKING potion of heal wounds.
  2488 | D:4      | Killed Ijyb
  2488 | D:4      | Noticed Menkaure
  2492 | D:4      | Killed Menkaure
  2493 | D:4      | Reached XP level 6. HP: 35/38 MP: 0/6
  2624 | D:4      | Reached skill level 7 in Ranged Weapons
  2712 | D:4      | Noticed Sigmund
  2716 | D:4      | Killed Sigmund
  2717 | D:4      | Reached skill level 3 in Dodging
  2717 | D:4      | Reached XP level 7. HP: 43/43 MP: 7/7
  2791 | D:4      | Noticed Dowan
  2793 | D:4      | Noticed Duvessa
  2797 | D:4      | Killed Dowan
  2800 | D:4      | HP: 5/43 [Duvessa/+0 short sword (16)]
  2804 | D:4      | Slain by Duvessa

Levels and vault maps discovered:
D:1:      dpeg_arrival_pits, layout_basic
D:2:      layout_basic, chequers_serial_rivers_micro_d, minmay_pentomino_v2,
          uniq_jessica
D:3:      gammafunk_steamed_eel, layout_loops_ring,
          lemuel_zombie_altar_kikubaaqudgha, lemuel_round_altar,
          serial_park_tiny_2, uniq_crazy_yiuf_cottage
D:4:      layout_rooms, corexii_item_surrounded_by_moat, uniq_ijyb,
          uniq_sigmund, uniq_menkaure, uniq_duvessa, uniq_eustachio

Skill      XL: |  1  2  3  4  5  6 |
---------------+-------------------+-----
Ranged Weapons | 5 6 7 |  7.3
Fighting       | 3 4 |  4.1
Dodging        | 3 |  3.1
Stealth        | |  1.1

Action                     |  1- 3 |  4- 6 |  7- 9 || total
---------------------------+-------+-------+-------++-------
   Fire: Shortbow          |    46 |       |       ||    46
         Orcbow            |    35 |   148 |    15 ||   198
    Use: Scroll            |     2 |     7 |       ||     9
         Potion            |     1 |     4 |       ||     5
 Armour: Leather armour    |    24 |    35 |    10 ||    69
  Dodge: Dodged            |    28 |    45 |     2 ||    75

Table legend:
 A = Non-vault XP
 B = Vault XP
 C = Vault XP percentage of total XP
 D = Non-vault monster count
 E = Vault monster count
 F = Vault count percentage of total count
                 A         B        C        D         E       F
            +---------+---------+-------+---------+---------+-------
      Total |     286 |     548 |  65.7 |      75 |      12 |  13.8
            +---------+---------+-------+---------+---------+-------
        D:1 |      52 |       0 |   0.0 |      24 |       0 |   0.0
        D:2 |      55 |      41 |  42.7 |      14 |       2 |  12.5
        D:3 |      63 |       8 |  11.3 |      24 |       6 |  20.0
        D:4 |     116 |     499 |  81.1 |      13 |       4 |  23.5
            +---------+---------+-------+---------+---------+-------
